AoeStats
← Law the Furious

Arabia

510119216Analyzed
1v1 RM · 3d ago on Sep 29, 2026· 41m 57s· 2 players
Game mode
Random Map
Map size
Tiny (2 player)
Population
200
Speed
Normal
Resources
Standard
Victory
Conquest
Starting age
Dark Age
Ending age
Imperial Age
RankedLock teamsTeams togetherTeam positionsShared explorationLock speedFull tech treeHidden civsTurbo modeCheats
Victory
Defeat
🇹🇼 Mongols · Taiwan
1224
+15
🇭🇰 Malians · Hong Kong SAR China
1210
-15
Law the Furious
6:34 Loom
9:58 Feudal Age
10:31 Double-Bit Axe
10:26 Horse Collar
17:01 Wheelbarrow
19:33 Castle Age
17:54 Gold Mining
18:55 Bloodlines
19:41 Scale Barding Armor
19:47 Forging
20:40 Bow Saw
21:39 Husbandry
25:40 Chain Barding Armor
30:36 Heavy Plow
33:29 Imperial Age
33:45 Iron Casting
33:14 Stone Mining
33:43 Cavalier
38:57 Plate Barding Armor
38:58 Hand Cart
39:17 Farimba
Little Prince
5:23 Loom
8:09 Feudal Age
8:54 Double-Bit Axe
8:52 Horse Collar
20:35 Castle Age
18:46 Gold Mining
20:10 Wheelbarrow
19:55 Bloodlines
19:42 Fletching
20:31 Padded Archer Armor
21:50 Wheelbarrow
21:45 Bodkin Arrow
23:02 Ballistics
23:35 Town Watch
24:33 Husbandry
26:52 Bow Saw
27:25 Pikeman
29:33 Heavy Plow
29:56 Leather Archer Armor
30:44 Scale Barding Armor
31:28 Squires
32:00 Thumb Ring
32:57 Stone Mining
34:16 Chain Barding Armor
37:54 Imperial Age
36:34 Hand Cart
36:04 Light Cavalry
37:55 Heavy Cavalry Archer
38:41 Herbal Medicine
39:32 Gold Shaft Mining
39:44 Bracer
40:31 Conscription
42:03 Chemistry
41:51 Forging
Connection lost

Rejoining the realm…

Still unreachable

The connection could not be restored.

Session expired

The server has moved on; the page needs a fresh start.